 Dungeon Crawl Stone Soup version 0.31-a0-152-g6aa68a64a1 (webtiles) character file.

Game seed: 1256905211334140126

62 qw the Shooter (level 3, -3/31 HPs)
             Began as a Minotaur Hunter on June 9, 2023.
             Blown up by Ijyb (18 damage)
             ... with a mindburst bolt
             ... on level 2 of the Dungeon.
             The game lasted 00:00:28 (827 turns).

qw the Shooter (Minotaur Hunter)                     Turns: 827, Time: 00:00:28

Health: -3/31      AC:  4    Str: 15    XL:     3   Next: 85%
Magic:  2/2        EV: 12    Int:  6    God:
Gold:   23         SH:  0    Dex: 15    Spells: 2/2 levels left

rFire   . . .        Y - +0 shortbow
rCold   + . .        (shield currently unavailable)
rNeg    . . .        c - +0 leather armour
rPois   .            (helmet restricted)
rElec   .            (no cloak)
rCorr   .            i - +0 pair of gloves
SInv    .            (no boots)
Will    .....        (no amulet)
Stlth   +            g - ring of protection from cold
HPRegen 0.25/turn    (no ring)
MPRegen 0.08/turn

%: no passive effects
@: lethally poisoned (-3 -> -11)
A: horns 2, retaliatory headbutt
a: no special abilities


You were on level 2 of the Dungeon.
You visited 1 branch of the dungeon, and saw 2 of its levels.

You collected 23 gold pieces.


Innate Abilities, Weirdness & Mutations

You have a pair of horns on your head.
You reflexively headbutt those who attack you in melee.


   Skills:
 - Level 3.0 Fighting
 + Level 5.8 Ranged Weapons
 - Level 2.1 Dodging
 - Level 0.7 Stealth


You had 2 spell levels left.
You didn't know any spells.
Your spell library was empty.

Inventory:

Hand Weapons
 Y - a +0 shortbow (weapon)
Armour
 c - a +0 leather armour (worn)
 i - a +0 pair of gloves (worn)
Jewellery
 g - a ring of protection from cold (left hand)
Scrolls
 a - 2 scrolls of fear {unknown}
 b - a scroll of blinking {unknown}
 f - a scroll of identify
 j - a scroll of teleportation
Potions
 k - a potion of heal wounds

Dungeon Overview and Level Annotations

Branches:
Dungeon (2/15)

Altars:

Annotations:
D:2 Ijyb


Message History

You kill the goblin!
You shoot an arrow. The arrow hits Ijyb but does no damage.
816 ||| Stepping ~*~*~tactically~*~*~ (outnumbered).
You shoot an arrow.
The arrow completely misses the ball python.
The ball python bites you but does no damage.
The ball python closely misses you.
You shoot an arrow.
The arrow barely misses the ball python.
The ball python barely misses you. x2
You shoot an arrow. The arrow hits the ball python!
You kill the ball python!
You shoot an arrow. The arrow closely misses the goblin.
The goblin misses you.
You shoot an arrow. The arrow completely misses the goblin.
The goblin hits you but does no damage.
You shoot an arrow. The arrow closely misses the goblin.
The arrow barely misses the goblin.
The goblin barely misses you.
You shoot an arrow. The arrow closely misses the goblin.
The arrow hits the goblin but does no damage.
The goblin hits you with a +0 club.
You shoot an arrow. The arrow barely misses Ijyb.
The arrow misses the goblin.
Ijyb hits you with a +2 dagger of venom.
You are poisoned.
You shoot an arrow. The arrow barely misses Ijyb.
The arrow hits the goblin.
You kill the goblin!
You feel very sick.
Ijyb hits you with a +2 dagger of venom.
You are more poisoned.
You shoot an arrow. The arrow hits Ijyb.
Ijyb is lightly wounded.
You feel very sick. Ijyb barely misses you.
You shoot an arrow. The arrow barely misses Ijyb.
The arrow barely misses the goblin.
You feel very sick.
Ijyb zaps a wand.
Your mind is blasted!
Ouch! That really hurt!
You die...

#.###.####.#.#
#..
#).[)..#.####
###
########....#
####.# ##
#.#### >.
#....# #.
####.#
#####.####.#
......gg@..#
#####))#####
8.8). .......
.......
.......
.......
.......


You could see Ijyb and a goblin.

Vanquished Creatures
  Robin (D:2)
  An adder (D:2)
  A dart slug (D:1)
  3 bats (D:1)
  4 endoplasms
  12 goblins (D:2)
  5 hobgoblins
  4 ball pythons
  A frilled lizard (D:1)
  4 kobolds (D:1)
  3 rats
39 creatures vanquished.

Notes
Turn   | Place    | Note
-------+----------+-------------------------------------------
     0 | D:1      | qw the Minotaur Hunter began the quest for the Orb.
     0 | D:1      | Reached XP level 1. HP: 18/18 MP: 0/0
     0 | D:1      | 0 ||| qw: Version: 0.2-a-122-gbc61b45
     0 | D:1      | 0 ||| qw: Game counter: 3459
     0 | D:1      | 0 ||| qw: Always use a shield: true
     0 | D:1      | 0 ||| qw: God list: Okawaru
     0 | D:1      | 0 ||| qw: Allow faded altars: false
     0 | D:1      | 0 ||| qw: Do Orc after D:15 true
     0 | D:1      | 0 ||| qw: Do second Lair branch before Depths: true
     0 | D:1      | 0 ||| qw: Lair rune preference: random
     0 | D:1      | 0 ||| qw: Plans: Normal
     0 | D:1      | 0 ||| PLANNING D:1-11
   242 | D:1      | Reached skill level 5 in Ranged Weapons
   242 | D:1      | Reached XP level 2. HP: 25/25 MP: 1/1
   561 | D:1      | 561 ||| UPGRADING to +0 pair of gloves.
   566 | D:1      | 566 ||| DROPPING amulet of magic regeneration.
   567 | D:1      | 567 ||| UPGRADING to ring of protection from cold.
   568 | D:1      | 568 ||| READING scroll labelled OTI TAOGGALE.
   569 | D:1      | 569 ||| READING scroll labelled WOBOGY ZICI.
   570 | D:1      | 570 ||| READING 4 scrolls labelled MUEMEN TAELES.
   571 | D:1      | 571 ||| READING 2 scrolls labelled OLLOEG XOECH.
   574 | D:1      | 574 ||| DRINKING 2 fizzy ruby potions.
   575 | D:1      | 575 ||| READING 3 scrolls of identify.
   575 | D:1      | 575 ||| IDENTIFYING lumpy inky potion
   576 | D:1      | 576 ||| READING 2 scrolls of identify.
   576 | D:1      | 576 ||| IDENTIFYING sapphire potion
   577 | D:1      | 577 ||| DROPPING scroll of butterflies.
   578 | D:1      | 578 ||| DROPPING potion of invisibility.
   579 | D:1      | 579 ||| DROPPING potion of magic.
   609 | D:2      | Reached skill level 3 in Fighting
   621 | D:2      | Noticed Robin
   637 | D:2      | Killed Robin
   638 | D:2      | Reached XP level 3. HP: 13/31 MP: 2/2
   642 | D:2      | 642 ||| FLEEEEING.
   643 | D:2      | 643 ||| FLEEEEING.
   646 | D:2      | 646 ||| FLEEEEING.
   647 | D:2      | 647 ||| FLEEEEING.
   650 | D:2      | 650 ||| STAIRDANCE
   809 | D:2      | Noticed Ijyb
   816 | D:2      | 816 ||| Stepping ~*~*~tactically~*~*~ (outnumbered).
   827 | D:2      | Blown up by Ijyb

Levels and vault maps discovered:
D:1:      scummos_arrival_hexagon, layout_loops_ring
D:2:      kennysheep_the_goblin_king, layout_basic, serial_shops,
          nicolae_shop_tiny_glass, uniq_robin

Skill      XL: |  1  2 |
---------------+-------+-----
Ranged Weapons | 5 |  5.8
Fighting       | 3 |  3.0
Dodging        | |  2.1
Stealth        | |  0.7

Action                     || total
---------------------------++-------
   Fire: Shortbow          ||   103
    Use: Scroll            ||     6
         Potion            ||     1
 Armour: Leather armour    ||     8
  Dodge: Dodged            ||    28

Table legend:
 A = Non-vault XP
 B = Vault XP
 C = Vault XP percentage of total XP
 D = Non-vault monster count
 E = Vault monster count
 F = Vault count percentage of total count
                 A         B        C        D         E       F
            +---------+---------+-------+---------+---------+-------
      Total |      46 |      43 |  48.3 |      23 |      16 |  41.0
            +---------+---------+-------+---------+---------+-------
        D:1 |      27 |       0 |   0.0 |      18 |       0 |   0.0
        D:2 |      19 |      43 |  69.4 |       5 |      16 |  76.2
            +---------+---------+-------+---------+---------+-------
